AoeStats
← dashuaibi

Arena

507036424Analyzed
4v4 RM · 16d ago on Sep 16, 2026· 55m 5s· 8 players
Game mode
Random Map
Map size
Large (8 player)
Population
200
Speed
Normal
Resources
Standard
Victory
Conquest
Starting age
Dark Age
Ending age
Imperial Age
RankedLock teamsTeams togetherTeam positionsShared explorationLock speedFull tech treeHidden civsTurbo modeCheats
Victory
Defeat
🇹🇷 Teutons · Türkiye
1492
+12
🇨🇳 Byzantines · China
1330
+18
🇬🇷 Georgians · Greece
1316
+19
🇮🇳 Khmer · India
1283
+19
🇯🇵 Teutons · Japan
1404
-18
🇨🇳 Franks · China
1383
-17
🇻🇳 Koreans · Vietnam
1374
-17
🇨🇳 Shu · China
1355
-16
羊了个羊
11:02 Feudal Age
14:54 Castle Age
14:43 Double-Bit Axe
16:32 Bow Saw
22:19 Loom
22:26 Town Watch
23:28 Wheelbarrow
28:56 Imperial Age
26:23 Gold Mining
28:48 Scale Barding Armor
28:54 Forging
29:23 Gold Shaft Mining
28:41 Stone Mining
29:06 Cavalier
29:47 Husbandry
30:12 Chain Barding Armor
30:58 Iron Casting
32:02 Plate Barding Armor
33:01 Hand Cart
33:34 Paladin
35:56 Blast Furnace
35:19 Conscription
39:30 Masonry
39:16 Murder Holes
42:07 Architecture
41:31 Fletching
42:11 Pikeman
42:51 Squires
42:54 Scale Mail Armor
43:31 Halberdier
44:36 Light Cavalry
46:10 Bodkin Arrow
巨疯捣蛋车
8:39 Loom
10:38 Feudal Age
11:38 Town Watch
14:15 Castle Age
13:43 Double-Bit Axe
13:40 Horse Collar
18:43 Heavy Plow
22:39 Bow Saw
22:45 Bow Saw
27:37 Imperial Age
26:03 Fletching
26:34 Pikeman
27:12 Bodkin Arrow
27:17 Scale Mail Armor
27:24 Crossbowman
28:14 Gold Mining
30:25 Bracer
30:24 Arbalester
32:16 Halberdier
34:07 Ballistics
35:44 Squires
37:42 Masonry
37:44 Fortified Wall
42:01 Masonry
44:27 Conscription
45:23 Wheelbarrow
44:36 Loom
44:53 Coiled Serpent Array
46:02 Chain Mail Armor
45:57 Forging
49:27 Two-Man Saw
51:53 Plate Mail Armor
51:47 Hand Cart
PeterWong1988
5:20 Loom
9:01 Feudal Age
10:11 Town Watch
11:03 Fletching
17:48 Horse Collar
18:03 Double-Bit Axe
23:56 Castle Age
24:52 Heavy Plow
25:35 Bow Saw
31:30 Imperial Age
32:20 Sanctity
33:55 Fervor
35:20 Block Printing
34:45 Pikeman
35:25 Squires
36:10 Illumination
37:13 Halberdier
38:17 Capped Ram
41:23 Chemistry
40:44 Ballistics
41:10 Theocracy
43:06 Forging
42:56 Scale Mail Armor
47:59 Iron Casting
47:39 Chain Mail Armor
53:30 Blast Furnace
53:01 Plate Mail Armor
55:27 Conscription
Chut Pro
2:32 Loom
11:20 Feudal Age
16:13 Castle Age
15:03 Horse Collar
15:08 Double-Bit Axe
17:25 Wheelbarrow
30:33 Imperial Age
28:03 Fletching
28:31 Bow Saw
29:03 Bodkin Arrow
29:25 Gold Mining
29:42 Heavy Plow
30:21 Hand Cart
31:43 Conscription
31:25 Bracer
32:27 Chemistry
31:49 Ballistics
31:20 Gambesons
32:28 Husbandry
32:10 Elite War Wagon
35:40 Coinage
37:40 Gold Shaft Mining
38:18 Shinkichon
37:49 Town Watch
40:03 Fortified Wall
44:07 Two-Man Saw
raw0000
9:53 Feudal Age
11:40 Double-Bit Axe
11:37 Horse Collar
12:00 Fletching
17:16 Town Watch
23:15 Castle Age
25:30 Bow Saw
26:27 Heavy Plow
30:54 Wheelbarrow
31:11 Loom
32:03 Forging
31:58 Scale Barding Armor
32:05 Gold Mining
32:12 Stone Mining
32:39 Hand Cart
32:47 Town Patrol
34:03 Bodkin Arrow
34:43 Iron Casting
34:29 Chain Barding Armor
34:28 Fortified Wall
34:39 Murder Holes
37:58 Imperial Age
38:02 Heavy Scorpion
38:57 Double Crossbow
39:27 Conscription
41:39 Bloodlines
41:29 Husbandry
40:50 Light Cavalry
42:35 Blast Furnace
41:36 Scale Mail Armor
42:14 Plate Barding Armor
42:39 Hussar
mojotzotzo
10:01 Feudal Age
13:49 Castle Age
12:40 Double-Bit Axe
12:36 Horse Collar
17:20 Bow Saw
22:13 Gold Mining
22:28 Stone Mining
27:35 Imperial Age
25:56 Loom
26:49 Wheelbarrow
25:59 Town Watch
26:05 Fletching
26:06 Guard Tower
26:36 Ballistics
26:31 Masonry
26:56 Bodkin Arrow
27:32 Ballistics
27:56 Heavy Plow
29:15 Bracer
30:25 Onager
31:49 Architecture
33:03 Chemistry
32:16 Svan Towers
32:32 Conscription
34:56 Conscription
35:14 Keep
34:25 Arrowslits
37:02 Siege Engineers
38:28 Treadmill Crane
39:28 Hoardings
38:27 Siege Onager
41:07 Scale Mail Armor
41:18 Forging
41:26 Pikeman
42:07 Squires
42:22 Chain Mail Armor
42:14 Halberdier
43:55 Iron Casting
45:57 Plate Mail Armor
46:28 Blast Furnace
47:46 Hand Cart
47:31 Town Patrol
50:04 Arson
[GN]LAZURİ
7:14 Loom
10:39 Feudal Age
11:14 Feudal Age
13:17 Double-Bit Axe
15:35 Castle Age
13:22 Horse Collar
16:54 Bow Saw
17:55 Heavy Plow
21:46 Wheelbarrow
23:30 Hand Cart
24:38 Gold Mining
30:14 Imperial Age
27:43 Town Watch
27:58 Stone Mining
28:26 Scale Barding Armor
28:34 Bloodlines
28:48 Forging
29:53 Chain Barding Armor
31:09 Iron Casting
31:46 Plate Barding Armor
30:37 Cavalier
32:31 Stone Shaft Mining
32:13 Squires
31:59 Arson
33:50 Blast Furnace
32:21 Paladin
35:28 Conscription
35:04 Fletching
35:38 Ballistics
35:55 Bodkin Arrow
37:02 Chemistry
37:37 Masonry
37:52 Crenellations
38:50 Scale Mail Armor
45:05 Chain Mail Armor
46:29 Elite Teutonic Knight
dashuaibi
10:30 Feudal Age
8:48 Loom
10:35 Feudal Age
15:11 Castle Age
13:27 Double-Bit Axe
13:24 Horse Collar
19:12 Bow Saw
20:45 Wheelbarrow
20:50 Heavy Plow
24:13 Gold Mining
24:13 Stone Mining
24:34 Stone Mining
25:28 Hand Cart
25:42 Forging
26:16 Gold Shaft Mining
26:19 Stone Shaft Mining
28:59 Imperial Age
28:02 Scale Barding Armor
28:32 Iron Casting
27:42 Treadmill Crane
28:24 Ballistics
29:01 Husbandry
29:53 Chain Barding Armor
30:41 Chemistry
30:43 Two-Man Saw
30:16 Crop Rotation
30:35 Conscription
31:12 Logistica
31:33 Elite Cataphract
33:39 Plate Barding Armor
33:38 Fletching
40:25 Scale Mail Armor
40:20 Bodkin Arrow
40:55 Squires
40:40 Gambesons
40:40 Arson
40:16 Pikeman
42:52 Halberdier
44:47 Chain Mail Armor
44:36 Bracer
45:46 Hoardings
50:50 Fortified Wall
50:35 Murder Holes
50:55 Guilds
51:15 Coinage
52:30 Light Cavalry
Connection lost

Rejoining the realm…

Still unreachable

The connection could not be restored.

Session expired

The server has moved on; the page needs a fresh start.